 Dungeon Crawl Stone Soup version 0.29-a0-492-g10b964d8d7 (webtiles) character file.

Game seed: 3066235653029788071

13043 KyoPewz the Slicer (level 11, -16/61 HPs)
             Began as a Deep Elf Hedge Wizard on May 27, 2022.
             Was a Priest of Sif Muna.
             Demolished by a freezing wraith (23 damage)
             ... on level 10 of the Dungeon.
             The game lasted 00:59:48 (11496 turns).

KyoPewz the Slicer (Deep Elf Hedge Wizard)         Turns: 11496, Time: 00:59:51

Health: -16/61     AC:  9    Str:  7    XL:     11   Next: 70%
Magic:  15/19      EV: 14    Int: 24    God:    Sif Muna [***...]
Gold:   110        SH:  0    Dex: 16    Spells: 2/18 levels left

rFire   + . .      SeeInvis .   e - +1 rapier (venom)
rCold   . . .      Faith    .   (no shield)
rNeg    . . .      Spirit   .   x - +3 robe of Wafaroin {rF+ Regen+ Dex+2}
rPois   .          Reflect  .   I - +0 helmet
rElec   .          Harm     .   L - +0 cloak
rCorr   .          Rampage  .   D - +0 pair of gloves
Will    +....                   z - +0 pair of boots
Stlth   ++........              b - amulet of magic regeneration
HPRegen 1.00/turn               (no ring)
MPRegen 0.56/turn               (no ring)

@: on blink cooldown
A: no striking features
a: Renounce Religion, Channel Magic, Forget Spell


You were on level 10 of the Dungeon.
You worshipped Sif Muna.
Sif Muna was most pleased with you.
You visited 1 branch of the dungeon, and saw 10 of its levels.

You collected 657 gold pieces.
You spent 547 gold pieces at shops.

Inventory:

Hand Weapons
 e - a +1 rapier of venom (weapon)
 o - a +2 vorpal hand axe
 y - a +2 spear of flaming
Armour
 c - a +0 hat
 x - the +3 robe of Wafaroin (worn) {rF+ Regen+ Dex+2}
   (You found it on level 4 of the Dungeon)

   Dex:       It affects your dexterity (+2).
   rF:        It protects you from fire.
   Regen:     It increases your rate of health regeneration.
 z - a +0 pair of boots (worn)
 D - a +0 pair of gloves (worn)
 I - a +0 helmet (worn)
 L - a +0 cloak (worn)
 N - a +1 kite shield of positive energy
 P - a +2 pair of gloves
Magical Staves
 n - a staff of fire
 H - a staff of earth
 V - a staff of death
Jewellery
 b - an amulet of magic regeneration (around neck)
 M - an amulet of reflection
Wands
 U - a wand of flame (6)
Scrolls
 f - 2 scrolls of enchant weapon
 g - 3 scrolls of amnesia
 h - 3 scrolls of fog
 j - a scroll of immolation
 q - a scroll of fear
 s - 7 scrolls of teleportation
 t - a scroll of blinking
 v - 2 scrolls of silence {unknown}
 w - 2 scrolls of vulnerability
 A - a scroll of magic mapping {unknown}
 B - a scroll of brand weapon {unknown}
 C - a scroll of summoning {unknown}
 G - a scroll of noise {unknown}
 O - a scroll of poison {unknown}
 R - a scroll of enchant armour {unknown}
 S - a scroll of torment {unknown}
 T - a scroll of identify
 X - a scroll of acquirement {unknown}
Potions
 a - a potion of might
 d - 4 potions of magic
 i - 9 potions of curing
 k - 3 potions of mutation
 l - 2 potions of attraction
 m - a potion of invisibility
 p - 3 potions of haste
 r - a potion of brilliance
 u - a potion of resistance {unknown}
 E - 2 potions of flight
 F - a potion of heal wounds {unknown}
 J - a potion of ambrosia
 K - a potion of lignification {unknown}
 Q - a potion of berserk rage
 W - a potion of cancellation {unknown}


   Skills:
 - Level 4.0 Fighting
 + Level 11.6 Short Blades
 - Level 5.0 Dodging
 - Level 2.4 Stealth
 - Level 4.4 Spellcasting
 - Level 5.0 Conjurations
 - Level 3.0 Hexes
 + Level 10.0 Summonings
 - Level 3.0 Translocations
 - Level 5.0 Transmutations
 - Level 3.0 Air Magic
 - Level 5.0 Earth Magic
 - Level 4.0 Poison Magic


You had 2 spell levels left.
You knew the following spells:

 Your Spells              Type           Power      Damage    Failure   Level
a - Magic Dart            Conj           100%       1d8       1%          1
b - Mephitic Cloud        Conj/Pois/Air  24%        N/A       5%          3
c - Call Imp              Summ           52%        N/A       1%          2
d - Slow                  Hex            76%        N/A       2%          1
e - Blink                 Tloc           38%        N/A       4%          2
f - Call Canine Familiar  Summ           52%        N/A       1%          3
g - Petrify               Tmut/Erth      29%        N/A       12%         4

Your spell library contained the following spells:

 Spells                   Type           Power      Damage    Failure   Level
 Summon Small Mammal      Summ           100%       N/A       1%          1
 Static Discharge         Conj/Air       24%        N/A       2%          2
 Sublimation of Blood     Necr           5%         N/A       14%         2
 Summon Guardian Golem    Hex/Summ       36%        N/A       1%          3
 Confusing Touch          Hex            19%        N/A       9%          3
 Conjure Flame            Conj/Fire      17%        6-21      10%         3
 Vampiric Draining        Necr           5%         2d6       28%         3
 Sticky Flame             Conj/Fire      17%        2d4       32%         4
 Irradiate                Conj/Tmut      14%        3d18      32%         5
 Dispel Undead            Necr           5%         3d7       67%         4
 Metabolic Englaciation   Hex/Ice        6%         N/A       80%         5
 Statue Form              Tmut/Erth      19%        N/A       88%         6


Dungeon Overview and Level Annotations

Branches:
Dungeon (10/15)            Temple (0/1) D:7
   Lair: D:8-11         Orc: D:9-12

Altars:
Ashenzari
Hepliaklqana
Kikubaaqudgha
Qazlal
Ru
Sif Muna
Trog
Vehumet
Yredelemnul
The Shining One

Shops:
D:9 ***=   D:10 *

Annotations:
D:7 1 runed translucent door


Message History

The magic dart hits the freezing wraith but does no damage.
The freezing wraith hits you! The freezing wraith freezes you!
The freezing wraith closely misses you.
Casting: Magic Dart (safe; 1% risk of failure)
Confirm with . or Enter, or press ? or * to list all spells.
The freezing wraith hits you but does no damage.
The freezing wraith hits you.
You see here a book of Vapours.
The freezing wraith attacks as you move away!
The freezing wraith hits you. The freezing wraith freezes you!!
* * * LOW HITPOINT WARNING * * *
The freezing wraith closely misses you.
Your wolf bites the freezing wraith!
Your wolf barely misses the freezing wraith.
Casting: Call Canine Familiar (safe; 1% risk of failure)
Confirm with . or Enter, or press ? or * to list all spells.
You can't see any susceptible monsters within range! (Use Z to cast anyway.)
Casting: Call Canine Familiar (safe; 1% risk of failure)
Confirm with . or Enter, or press ? or * to list all spells.
You blink.
Your wolf bites the freezing wraith but does no damage.
Casting: Blink (safe; 4% risk of failure)
Confirm with . or Enter, or press ? or * to list all spells.
A beastly little devil appears in a puff of flame.
Your wolf closely misses the freezing wraith.
You hit the freezing wraith but do no damage.
The freezing wraith is lightly damaged.
Your wolf bites the freezing wraith!
You hit the freezing wraith but do no damage.
The freezing wraith is moderately damaged.
Your wolf barely misses the freezing wraith.
The freezing wraith misses you. The freezing wraith hits you!
* * * LOW HITPOINT WARNING * * *
Your crimson imp barely misses the freezing wraith.
You puncture the freezing wraith!
The freezing wraith is heavily damaged.
Your wolf bites the freezing wraith but does no damage.
The freezing wraith hits you!
* * * LOW HITPOINT WARNING * * *
The freezing wraith freezes you!!
You die...

##..............#
#..............#.#
###......##.#..#
..
#...###.####..##
##.####.#..#...##
#.....#:.#.)....##
#......h.#...#...#
#.....W..###.#...#
##.###@5.##......#
# ###
#.####....[.# #
### ##.....# #.
##..)...#
#....[[.######
#....<........
###....#......
###.####.... #.#
##...


You could see a freezing wraith (ally target), a friendly wolf (summoned) and a
friendly crimson imp (summoned).

Vanquished Creatures
  A two-headed ogre (D:9)
  A deep elf pyromancer (D:10)
  A tengu conjurer (D:10)
  A hornet (D:10)
  2 shadows (D:10)
  A vampire (D:9)
  A wyvern (D:10)
  Eustachio (D:6)
  14 yaks
  A vampire mosquito (D:10)
  2 water moccasins
  An orc warrior (D:10)
  A black bear (D:5)
  2 ogres (D:5)
  A boggart (D:10)
  A centaur (D:10)
  4 kobold brigands
  A bullfrog (D:7)
  A necrophage (D:4)
  2 gnoll sergeants (D:9)
  3 electric eels (D:9)
  3 howler monkeys
  A gnoll shaman (D:6)
  A human zombie (D:7)
  7 orc priests
  2 hounds
  5 iguanas
  7 orc wizards
  Natasha (thrice) (D:3)
  4 adders
  10 gnolls
  4 white imps
  A howler monkey simulacrum (D:10)
  A worm (D:2)
  4 dart slugs
  23 orcs
  3 endoplasms
  7 giant cockroaches
  11 goblins
  6 hobgoblins
  3 jackals (D:3)
  4 quokkas
  4 ball pythons
  4 bats
  2 frilled lizards
  14 kobolds
  A kobold skeleton (D:7)
  7 rats
185 creatures vanquished.

Vanquished Creatures (collateral kills)
  A two-headed ogre (D:10)
  An ugly thing (D:10)
  2 unseen horrors (D:10)
  2 trolls (D:10)
  Grinder (D:4)
  Sigmund (D:6)
  A vampire (D:10)
  11 yaks
  A shadow (D:9)
  A wyvern (D:10)
  A wraith (D:9)
  A steam dragon (D:9)
  Menkaure (D:5)
  2 vampire mosquitoes (D:10)
  2 water moccasins
  An acid dragon (D:10)
  4 orc warriors
  A black bear (D:6)
  An ogre (D:5)
  A centaur (D:10)
  A kobold brigand (D:10)
  A bullfrog (D:9)
  A gnoll sergeant (D:10)
  A scorpion (D:5)
  2 wights (D:10)
  An electric eel (D:9)
  A jelly (D:5)
  An orc priest (D:10)
  An adder (D:5)
  5 gnolls
  A shadow imp (D:7)
  7 orcs
  6 kobolds
66 creatures vanquished.

Vanquished Creatures (others)
  37 plants
  5 toadstools (D:4)
42 creatures vanquished.

Grand Total: 293 creatures vanquished

Notes
Turn   | Place    | Note
-------+----------+-------------------------------------------
     0 | D:1      | KyoPewz the Deep Elf Hedge Wizard began the quest for the
                  | Orb.
     0 | D:1      | Reached XP level 1. HP: 10/10 MP: 7/7
   225 | D:1      | Reached XP level 2. HP: 11/16 MP: 3/9
   342 | D:1      | Learned a level 1 spell: Summon Small Mammal
   345 | D:1      | Learned a level 2 spell: Call Imp
   347 | D:1      | Learned a level 1 spell: Slow
   350 | D:1      | Learned a level 2 spell: Blink
   376 | D:1      | Reached skill level 1 in Fighting
   913 | D:1      | Reached XP level 3. HP: 20/20 MP: 5/10
  1523 | D:2      | Found a faded altar of an unknown god.
  2126 | D:3      | Noticed Natasha
  2185 | D:2      | Reached XP level 4. HP: 20/26 MP: 2/12
  2260 | D:2      | Learned a level 3 spell: Call Canine Familiar
  2271 | D:3      | Killed Natasha
  2448 | D:3      | Found a bloodstained altar of Trog.
  2573 | D:3      | Reached XP level 5. HP: 15/30 MP: 3/13
  2800 | D:3      | Noticed Natasha
  2812 | D:3      | Killed Natasha
  3022 | D:3      | Noticed Natasha
  3029 | D:3      | Killed Natasha
  3383 | D:3      | Reached XP level 6. HP: 19/35 MP: 8/14
  3741 | D:3      | Found an ancient bone altar of Kikubaaqudgha.
  3741 | D:3      | Found a faded altar of an unknown god.
  3762 | D:3      | Found a hazy altar of Hepliaklqana.
  3764 | D:3      | Found a radiant altar of Vehumet.
  3766 | D:3      | Found a glowing golden altar of the Shining One.
  4006 | D:4      | Reached skill level 5 in Summonings
  4006 | D:4      | Reached skill level 1 in Hexes
  4185 | D:4      | Noticed Grinder
  4340 | D:4      | Identified the +3 robe of Wafaroin {rF+ Regen+ Dex+2}
  4825 | D:4      | Killed Grinder
  4826 | D:4      | Reached XP level 7. HP: 36/41 MP: 8/15
  4896 | D:5      | Entered Level 5 of the Dungeon
  5357 | D:5      | Learned a level 3 spell: Mephitic Cloud
  5404 | D:5      | Reached skill level 1 in Air Magic
  5404 | D:5      | Reached skill level 1 in Poison Magic
  5515 | D:5      | Noticed Menkaure
  5562 | D:5      | Killed Menkaure
  5563 | D:5      | Reached XP level 8. HP: 35/48 MP: 6/16
  6251 | D:5      | Found a shimmering blue altar of Sif Muna.
  6293 | D:5      | Became a worshipper of Sif Muna the Loreminder
  6438 | D:6      | Reached skill level 5 in Dodging
  6451 | D:6      | Reached skill level 1 in Short Blades
  6667 | D:6      | Noticed Eustachio
  6683 | D:6      | Killed Eustachio
  6684 | D:6      | Reached skill level 2 in Short Blades
  6788 | D:6      | Reached skill level 3 in Short Blades
  6817 | D:6      | Noticed Sigmund
  6867 | D:6      | Killed Sigmund
  6868 | D:6      | Reached XP level 9. HP: 52/52 MP: 15/17
  7108 | D:7      | Found a runed translucent door.
  7111 | D:7      | Found a basalt altar of Yredelemnul.
  7146 | D:7      | Reached skill level 4 in Short Blades
  7653 | D:7      | Found a staircase to the Ecumenical Temple.
  7734 | D:7      | Found a sacrificial altar of Ru.
  8401 | D:8      | Reached skill level 5 in Short Blades
  8401 | D:8      | Reached skill level 5 in Conjurations
  8425 | D:8      | Reached skill level 6 in Short Blades
  8863 | D:8      | Reached * piety under Sif Muna
  8864 | D:8      | Reached XP level 10. HP: 56/56 MP: 11/18
  8868 | D:8      | Reached skill level 7 in Short Blades
  9297 | D:9      | Reached skill level 8 in Short Blades
  9376 | D:9      | Reached skill level 9 in Short Blades
  9413 | D:9      | Found Ytiselit's Jewellery Emporium.
  9492 | D:9      | Found Epreff's Assorted Antiques.
  9543 | D:9      | Found Vafiajy's Assorted Antiques.
  9561 | D:9      | Bought a scroll labelled WAPAYZYAZI for 32 gold pieces
  9561 | D:9      | Bought a dark potion for 28 gold pieces
  9595 | D:9      | Reached skill level 1 in Earth Magic
  9602 | D:9      | Reached ** piety under Sif Muna
  9627 | D:9      | Found a broken altar of Ashenzari.
  9674 | D:9      | Found Aphuxt's General Store.
  9726 | D:9      | Bought a potion of flight for 45 gold pieces
  9849 | D:9      | Bought a pair of embroidered gloves for 157 gold pieces
  9849 | D:9      | Bought a potion of curing for 63 gold pieces
  9849 | D:9      | Bought a sapphire potion for 18 gold pieces
  9849 | D:9      | Bought a potion of curing for 63 gold pieces
  9849 | D:9      | Bought a scroll labelled LAASUG DETHULA for 21 gold pieces
  9849 | D:9      | Bought a scroll of identify for 42 gold pieces
  9977 | D:9      | Noticed a two-headed ogre
 10004 | D:9      | Killed a two-headed ogre
 10005 | D:9      | Reached skill level 10 in Short Blades
 10012 | D:9      | Learned a level 4 spell: Petrify
 10266 | D:10     | Entered Level 10 of the Dungeon
 10287 | D:10     | Reached skill level 1 in Transmutations
 10318 | D:10     | Noticed a two-headed ogre
 10415 | D:10     | Reached XP level 11. HP: 41/61 MP: 16/19
 10732 | D:10     | Reached skill level 5 in Earth Magic
 10857 | D:10     | Killed a two-headed ogre
 10929 | D:10     | Noticed a deep elf pyromancer
 10937 | D:10     | Noticed a two-headed ogre
 10943 | D:10     | Noticed a two-headed ogre
 10945 | D:10     | Reached skill level 11 in Short Blades
 10951 | D:10     | Noticed a cyan ugly thing
 11087 | D:10     | Reached *** piety under Sif Muna
 11114 | D:10     | Killed a deep elf pyromancer
 11115 | D:10     | Reached skill level 5 in Transmutations
 11170 | D:10     | Found a stormy altar of Qazlal.
 11266 | D:10     | Found Xaf Mulia's General Store.
 11275 | D:10     | Bought a potion of curing for 39 gold pieces
 11275 | D:10     | Bought a potion of curing for 39 gold pieces
 11402 | D:10     | Killed a cyan ugly thing
 11403 | D:10     | Reached skill level 10 in Summonings
 11496 | D:10     | Demolished by a freezing wraith

Illustrated notes

Levels and vault maps discovered:
D:1:      lightli_iron_boxes, layout_rooms, patterned_corridor
D:2:      layout_loops_ring, hellmonk_ecumenical_altar_crossroads,
          minmay_misc_feat_enclosed, grunt_ministairs_13, minmay_heptomino_o4
D:3:      cheibrodos_pilgrimage, layout_basic, mainiacjoe_overflow_tiny_flanked,
          chequers_temple_overflow_minitemple, hangedman_decor_opposing,
          uniq_natasha
D:4:      layout_cave_pools, minmay_gold_behind_fungi, st_stairs_13,
          minivault_19, uniq_grinder
D:5:      layout_basic, lemuel_blue_sif_altar, minmay_misc_feat_secret_circle,
          uniq_menkaure
D:6:      layout_loops_ring, uniq_eustachio, uniq_sigmund
D:7:      layout_basic, lemuel_tele_altar, dk_yredelemnul_ordeal,
          minmay_temple_entry_wispy
D:8:      layout_loops_corners
D:9:      layout_big_octagon, lemuel_doored_altar, serial_shops,
          nicolae_shop_trees, shop_statue, nicolae_shop_crystal,
          nicolae_shop_overgrown_old_shop
D:10:     minmay_the_grid_octo_tiled_squarecenter
          [minmay_the_grid_octo_vomiting_pacman, minmay_the_grid_octo_toaster,
          minmay_the_grid_octo_chip, minmay_the_grid_octo_focus,
          minmay_the_grid_square_5x5_megaprize_checkered,
          minmay_the_grid_square_5x5_intrusive_squares,
          minmay_the_grid_square_5x5_misaligned,
          minmay_the_grid_square_5x5_longway, minmay_the_grid_square_5x5_plus],
          layout_cave_pools, david_lair_shrubbed, serial_shops,
          nicolae_shop_crystal

Skill      XL: |  1  2  3  4  5  6  7  8  9 10 11 |
---------------+----------------------------------+-----
Fighting       | 1 2 3 4 |  4.0
Conjurations   | 2 3 4 5 |  5.0
Summonings     | 2 4 5 6 7 9 10 | 10.0
Hexes          | 3 |  3.0
Dodging        | 4 5 |  5.0
Air Magic      | 1 3 |  3.0
Poison Magic   | 1 3 4 |  4.0
Short Blades   | 3 6 10 11 | 11.6
Earth Magic    | 3 5 |  5.0
Translocations | 3 |  3.0
Transmutations | 1 5 |  5.0
Stealth        | |  2.4
Spellcasting   | |  4.4

Action                   |  1- 3 |  4- 6 |  7- 9 | 10-12 || total
-------------------------+-------+-------+-------+-------++-------
Melee: Rapier            |    25 |    29 |   116 |   193 ||   363
       Punch             |     1 |     2 |       |     4 ||     7
 Cast: Magic Dart        |    99 |   116 |   131 |   148 ||   494
       Call Imp          |       |     6 |     6 |    17 ||    29
       Summon Small Mamm |       |     3 |       |       ||     3
       Slow              |       |     2 |       |     6 ||     8
       Call Canine Famil |       |     1 |    31 |    38 ||    70
       Blink             |       |       |     2 |    11 ||    13
       Mephitic Cloud    |       |       |     5 |    10 ||    15
  Use: Scroll            |       |     6 |     5 |     2 ||    13
       Potion            |       |     3 |     2 |     1 ||     6
 Stab: Sleeping          |       |       |     1 |     1 ||     2
       Confused          |       |       |     1 |     8 ||     9
       Distracted        |       |       |     1 |     2 ||     3
Armor: Robe              |     6 |     2 |    28 |    60 ||    96
Dodge: Dodged            |    18 |    26 |    80 |   132 ||   256

Table legend: (Time is in decaauts)
 A = Elapsed time spent in this place.
 B = Non-inter-level travel time spent in this place.
 C = Inter-level travel time spent in this place.
 D = Time resting spent in this place.
 E = Time spent auto-exploring this place.
 F = Levels seen in this place.
 G = Mean time per level.
                   A        B        C        D        E       F      G
               +--------+--------+--------+--------+--------+-----+--------+
         Total |  11482 |  11008 |    474 |   1799 |   6766 |  10 | 1148.2 |
       Dungeon |  11482 |  11008 |    474 |   1799 |   6766 |  10 | 1148.2 |
               +--------+--------+--------+--------+--------+-----+--------+

Top non-repeatable levels by time:
     D:3: 1660 daAuts
     D:2: 1270 daAuts
     D:5: 1214 daAuts
     D:4: 1195 daAuts
     D:7: 1168 daAuts
     D:9: 1087 daAuts
    D:10: 1073 daAuts
     D:8: 1032 daAuts
     D:1: 1015 daAuts
     D:6: 765 daAuts
